 Dungeon Sprint DCSS version 0.19.5 (webtiles) character file.

100 strmesko the Thaumaturge (level 4, -2/24 HPs)
             Began as a Deep Elf Air Elementalist on Mar 19, 2017.
             Was an Initiate of Sif Muna.
             Slain by an orc warrior
             ... wielding a +0 hand axe
              (22 damage)
             ... in the Dungeon (Sprint IX: "|||||||||||||||||||||||||||||").
             The game lasted 00:04:15 (216 turns).

strmesko the Thaumaturge (Deep Elf Air Elementalist) Turns: 216, Time: 00:04:19

Health: -2/24      AC:  3    Str:  5    XL:     4   Next: 47%
Magic:  13/19      EV: 13    Int: 21    God:    Sif Muna [......]
Gold:   0          SH:  0    Dex: 15    Spells: 4 memorised, 18 levels left

rFire  . . .     SeeInvis .     n - staff of energy
rCold  . . .     Gourm    .     a - +0 robe
rNeg   . . .     Faith    .     (no shield)
rPois  .         Spirit   .     (no helmet)
rElec  .         Reflect  .     (no cloak)
rCorr  .         Harm     .     o - +0 pair of gloves
MR     .....     NoTele   +     (no boots)
Stlth  ++........               (no amulet)
                                (no ring)
                                (no ring)

@: very slightly contaminated
A: no striking features
a: Renounce Religion


You were in the Dungeon.
You worshipped Sif Muna.
Sif Muna was noncommittal.
You were not hungry.

You visited 1 branch

Inventory:

Armour
 a - a +0 robe (worn)
 o - a +0 pair of gloves (worn)
Magical Staves
 n - an uncursed staff of energy (weapon)
Jewellery
 p - a +3 ring of dexterity
 q - a +3 ring of strength
Wands
 m - a wand of iceblast (7/15)
Scrolls
 i - 2 scrolls of blinking
 k - 3 scrolls of remove curse
 l - 2 scrolls of amnesia
Potions
 d - 5 potions of curing
 e - 3 potions of heal wounds
 g - 3 potions of magic
 h - a potion of berserk rage
 j - a potion of invisibility
Books
 b - a book of Air

   Spells                             Type                      Level
   a - Shock                          Conjuration/Air              1
   b - Swiftness                      Charms/Air                   2
   c - Repel Missiles                 Charms/Air                   2
   d - Static Discharge               Conjuration/Air              3
   e - Lightning Bolt                 Conjuration/Air              5
Comestibles
 c - a bread ration
 f - a chunk of flesh


   Skills:
 - Level 2.4 Dodging
 - Level 2.4 Stealth
 + Level 11.7 Spellcasting
 - Level 1.1 Conjurations
 - Level 3.0 Air Magic


You had 18 spell levels left.
You knew the following spells:

 Your Spells              Type           Power        Failure   Level  Hunger
a - Shock                 Conj/Air       ###.         1%          1    None
b - Repel Missiles        Chrm/Air       ###...       6%          2    None
c - Swiftness             Chrm/Air       ###.....     6%          2    None
d - Static Discharge      Conj/Air       ###.....     10%         3    None


Dungeon Overview and Level Annotations

Branches:
Dungeon (1/1)

Altars:
Cheibriados
Dithmenos
Elyvilon
Fedhas
Gozag
Hepliaklqana
Kikubaaqudgha
Makhleb
Nemelex Xobeh
Okawaru
Qazlal
Ru
Sif Muna
Trog
Uskayaw
Vehumet
Xom
Yredelemnul
Zin
The Shining One
Beogh
Jiyva
Lugonu


Message History

There is an open door to the Dungeon here.
Casting: Shock
Confirm with . or Enter, or press ? or * to list all spells.
The orc warrior is struck by lightning.
The orc warrior is moderately wounded.
The orc warrior shouts!
The lightning arcs!
You are struck by lightning.
The lightning arcs!
The orc warrior is struck by lightning.
The orc warrior is severely wounded.
The lightning grounds out.
The orc shouts!
The orc warrior hits you with a hand axe.
Casting: Static Discharge
Confirm with . or Enter, or press ? or * to list all spells.
You miscast Static Discharge.
You are very lightly contaminated with residual magic.
You hear a whooshing sound.
The orc warrior hits you with a hand axe!!
Ouch! That really hurt!
You die... ▓▓▓▓▓▓▓▓▓▓▓▓▓▓▓▓▓▓▓▓▓▓▓▓ +Kooa5o@..[.[)...'._____ ▓▓▓▓▓▓▓▓▓▓▓▓▓▓▓▓▓▓▓▓▓▓▓▓

You could see an orc warrior, a big kobold, a worker ant, a crimson imp and 2 orcs.

Vanquished Creatures
  An ogre (D)
  A shadow imp (D)
  A leopard gecko (D)
  A bat (D)
  2 goblins (D)
  A kobold (D)
  A frilled lizard (D)
  2 quokka skeletons (D)
10 creatures vanquished.

Notes
Turn   | Place    | Note
-------+----------+-------------------------------------------
     0 | D        | strmesko the Deep Elf Air Elementalist began the quest for the Orb.
     0 | D        | Reached XP level 1. HP: 10/10 MP: 6/6
     5 | D        | Reached skill level 4 in Spellcasting
     5 | D        | Reached skill level 5 in Spellcasting
    68 | D        | Noticed an ogre
    75 | D        | Reached skill level 6 in Spellcasting
    75 | D        | Reached XP level 2. HP: 15/15 MP: 4/11
    77 | D        | Reached skill level 7 in Spellcasting
    94 | D        | Killed an ogre
    94 | D        | Reached skill level 11 in Spellcasting
    94 | D        | Reached XP level 3. HP: 12/19 MP: 12/18
    94 | D        | Reached XP level 4. HP: 15/24 MP: 12/19
   144 | D        | Found a roughly hewn altar of Beogh.
   144 | D        | Found a snail-covered altar of Cheibriados.
   144 | D        | Found a shadowy altar of Dithmenos.
   144 | D        | Found a white marble altar of Elyvilon.
   144 | D        | Found a blossoming altar of Fedhas.
   144 | D        | Found an opulent altar of Gozag.
   145 | D        | Found a hazy altar of Hepliaklqana.
   146 | D        | Found a viscous altar of Jiyva.
   147 | D        | Found an ancient bone altar of Kikubaaqudgha.
   148 | D        | Found a corrupted altar of Lugonu.
   149 | D        | Found a burning altar of Makhleb.
   150 | D        | Found a sparkling altar of Nemelex Xobeh.
   151 | D        | Found an iron altar of Okawaru.
   152 | D        | Found a stormy altar of Qazlal.
   153 | D        | Found a sacrificial altar of Ru.
   154 | D        | Found a deep blue altar of Sif Muna.
   155 | D        | Found a bloodstained altar of Trog.
   156 | D        | Found a hide-covered altar of Uskayaw.
   157 | D        | Found a radiant altar of Vehumet.
   158 | D        | Found a shimmering altar of Xom.
   159 | D        | Found a basalt altar of Yredelemnul.
   160 | D        | Found a glowing silver altar of Zin.
   161 | D        | Found a glowing golden altar of the Shining One.
   164 | D        | Became a worshipper of Sif Muna the Loreminder
   206 | D        | Learned a level 2 spell: Repel Missiles
   209 | D        | Learned a level 2 spell: Swiftness
   213 | D        | Learned a level 3 spell: Static Discharge
   213 | D        | Noticed a big kobold
   213 | D        | Noticed an orc warrior
   216 | D        | Slain by an orc warrior

Skill      XL: |  1  2 |
---------------+-------+-----
Spellcasting   | 6 11 | 11.7
Dodging        | |  2.4
Stealth        | |  2.4
Conjurations   | |  1.1
Air Magic      | |  3.0

Action                   |  1- 3 |  4- 6 || total
-------------------------+-------+-------++-------
 Cast: Shock             |    12 |     1 ||    13
       Static Discharge  |       |     1 ||     1
  Use: Potion            |     2 |       ||     2
Dodge: Dodged            |     4 |       ||     4
